 Dungeon Crawl Stone Soup version 0.28.0-1-gb440e238dd (webtiles) character file.

Game seed: 6028479043212202514

1340 Snicker the Covert (level 8, -2/61 HPs)
             Began as a Demonspawn Delver on Feb 20, 2022.
             Killed from afar by a steam dragon (5 damage)
             ... with a ball of steam
             ... on level 7 of the Dungeon.
             The game lasted 00:13:32 (5583 turns).

Snicker the Covert (Demonspawn Delver)              Turns: 5583, Time: 00:13:33

Health: -2/61      AC:  6    Str: 15    XL:     8   Next: 35%
Magic:  8/8        EV: 12    Int: 17    God:
Gold:   204        SH:  0    Dex: 17    Spells: 2/7 levels left

rFire   . . .      SeeInvis .   a - +0 dagger (venom)
rCold   . . .      Faith    .   (no shield)
rNeg    . . .      Spirit   .   i - +0 leather armour
rPois   .          Reflect  .   (no helmet)
rElec   .          Harm     .   s - +2 cloak {Stlth+}
rCorr   +          Rampage  .   (no gloves)
Will    .....                   (no boots)
Stlth   ++++++....              (no amulet)
HPRegen 0.20/turn               o - ring of resist corrosion
MPRegen 0.11/turn               v - +6 ring of intelligence

@: lethally poisoned (-2 -> -14)
A: hooves 2, thin skeletal structure 1, powered by death 1, powered by pain 1
a: no special abilities


You were on level 7 of the Dungeon.
You visited 1 branch of the dungeon, and saw 7 of its levels.

You collected 204 gold pieces.

Inventory:

Hand Weapons
 a - a +0 dagger of venom (weapon)
 b - a +1 war axe of electrocution
 j - a +2 quarterstaff of chaos
 k - a +0 short sword
 y - the +3 trident of Law {freeze, Fly rElec rN++ Str-3}
   (You found it on level 6 of the Dungeon)

   It freezes those it strikes, dealing additional cold damage.
   It can also slow down cold-blooded creatures.
   Str:       It affects your strength (-3).
   rElec:     It insulates you from electricity.
   rN:        It greatly protects you from negative energy.
   Fly:       It grants you flight.
Armour
 i - a +0 leather armour (worn)
 s - a +2 cloak of stealth (worn)
Jewellery
 o - a ring of resist corrosion (left hand)
 p - a ring of positive energy
 v - a +6 ring of intelligence (right hand)
Wands
 g - a wand of digging (3)
Scrolls
 c - 3 scrolls of fog
 d - 2 scrolls of magic mapping
 e - 5 scrolls of identify {unknown}
 h - a scroll of noise {unknown}
 m - 2 scrolls of amnesia {unknown}
 n - 2 scrolls of enchant weapon {unknown}
 r - a scroll of vulnerability {unknown}
 t - a scroll of teleportation {unknown}
 u - a scroll of immolation {unknown}
 w - a scroll of holy word {unknown}
 x - a scroll of enchant armour {unknown}
Potions
 f - 3 potions of haste
 l - a potion of flight


   Skills:
 + Level 4.3 Fighting
 * Level 4.3 Short Blades
 + Level 0.8 Axes
 + Level 3.4 Armour
 + Level 2.8 Dodging
 * Level 8.4 Stealth
 * Level 0.1 Translocations


You had 2 spell levels left.
You knew the following spells:

 Your Spells              Type           Power      Damage    Failure   Level
a - Dazzling Flash        Conj/Hex       0%         N/A       65%         3
b - Blink                 Tloc           0%         N/A       38%         2

Your spell library contained the following spells:

 Spells                   Type           Power      Damage    Failure   Level
 Apportation              Tloc           0%         N/A       28%         1
 Corpse Rot               Necr/Air       0%         N/A       41%         2
 Poisonous Vapours        Pois/Air       0%         N/A       41%         2
 Lesser Beckoning         Tloc           0%         N/A       63%         3
 Agony                    Necr           0%         N/A       100%        5
 Alistair's Intoxication  Tmut/Pois      0%         N/A       100%        5
 Manifold Assault         Tloc           0%         N/A       100%        5
 Silence                  Hex/Air        0%         N/A       100%        5


Dungeon Overview and Level Annotations

Branches:
Dungeon (7/15)
 Temple: D:4-7

Altars:
Sif Muna
Trog

Shops:
D:2 [   D:5 *(!

Annotations:
D:4 1 runed translucent door, dolemite99's ghost, amateur DsCA
D:5 Grinder; Sigmund


Innate Abilities, Weirdness & Mutations

You have hoof-like feet.
You have a somewhat thin skeletal structure. (Dex +2, Stealth+)
You regenerate a little health from kills.
You sometimes gain a little power by taking damage.


Message History

You are engulfed in a cloud of scalding steam.
You hit the steam dragon but do no damage.
The steam dragon is poisoned.
You kick the steam dragon, but do no damage.
You are engulfed in a cloud of scalding steam.
The steam dragon misses you.
The steam dragon claws you but does no damage.
You hit the steam dragon.
The steam dragon looks as sick as possible!
Your kick misses the steam dragon.
The steam dragon is lightly wounded.
You are engulfed in a cloud of scalding steam.
The steam dragon barely misses you. x2
You closely miss the steam dragon.
You punch the steam dragon, but do no damage.
The steam dragon is lightly wounded.
You are engulfed in a cloud of scalding steam.
You closely miss the steam dragon.
The steam dragon is lightly wounded.
The steam dragon bites you! The steam dragon claws you.
A centaur comes into view.
The steam dragon breathes steam at you. The ball of steam hits you!
* * * LOW HITPOINT WARNING * * *
A water moccasin comes into view.
The centaur moves out of view.
You hear a shout!
You barely miss the steam dragon. You kick the steam dragon.
The steam dragon is moderately wounded.
The steam dragon barely misses you.
The steam dragon claws you but does no damage.
The water moccasin bites you.
* * * LOW HITPOINT WARNING * * *
You are lethally poisoned!
The water moccasin poisons you!
* * * LOW HITPOINT WARNING * * *
You feel very sick. The steam dragon breathes steam at you.
The ball of steam hits you.
You die...

. ... #. ..#
#####.####.#
..........>#
##.#.#.#..#
#§...##
#..D..##.#
#S§.......
#@###.####
...............
#...#####...###
## #..# ..# .#
#


You could see a steam dragon (very poisoned, catching breath) and a water
moccasin.

Vanquished Creatures
  An orc warrior (D:6)
  A black bear (D:4)
  A hornet zombie (D:6)
  A necrophage (D:5)
  An ogre (D:4)
  2 centaurs (D:6)
  A bullfrog (D:4)
  2 scorpions (D:4)
  A water moccasin skeleton (D:6)
  A centaur zombie (D:5)
  A hound (D:4)
  A jelly (D:6)
  Crazy Yiuf (D:3)
  An orc priest (D:3)
  A centaur skeleton (D:7)
  Terence (D:3)
  A bullfrog skeleton (D:4)
  2 iguanas
  3 orc wizards
  A killer bee zombie (D:7)
  3 adders
  An ufetubus (D:3)
  4 worms
  4 dart slugs
  10 orcs
  8 ball pythons
  5 endoplasms
  6 giant cockroaches
  9 goblins
  4 hobgoblins
  7 kobolds
  4 quokkas
  5 bats
  2 frilled lizards
  6 rats
103 creatures vanquished.

Vanquished Creatures (others)
  A wizard (D:6)
  2 plants
  2 withered plants (D:4)
5 creatures vanquished.

Grand Total: 108 creatures vanquished

Notes
Turn   | Place    | Note
-------+----------+-------------------------------------------
     0 | D:5      | Snicker the Demonspawn Delver began the quest for the Orb.
     0 | D:5      | Reached XP level 1. HP: 18/18 MP: 1/1
     9 | D:5      | Noticed an iguana
    51 | D:5      | Noticed Sigmund
    51 | D:5      | Noticed a water moccasin
    67 | D:4      | Noticed a hound
   140 | D:4      | Noticed a black bear
   206 | D:5      | Noticed a necrophage
   241 | D:4      | Killed a hound
   242 | D:4      | Reached skill level 5 in Stealth
   242 | D:4      | Gained mutation: You have large cloven feet. [demonic
                  | ancestry]
   242 | D:4      | Reached XP level 2. HP: 24/24 MP: 2/2
   242 | D:4      | Gained mutation: You regenerate a little health from kills.
                  | [demonic ancestry]
   242 | D:4      | Reached XP level 3. HP: 29/29 MP: 3/3
   253 | D:4      | Noticed an ogre
   400 | D:4      | Found a runed translucent door.
   404 | D:4      | Noticed dolemite99's ghost (amateur DsCA)
   512 | D:3      | Gained mutation: You sometimes gain a little power by
                  | taking damage. [demonic ancestry]
   512 | D:3      | Reached XP level 4. HP: 15/35 MP: 4/4
   534 | D:3      | Learned a level 3 spell: Dazzling Flash
   983 | D:3      | Reached XP level 5. HP: 42/42 MP: 5/5
  1399 | D:1      | Reached skill level 6 in Stealth
  1410 | D:1      | Found a faded altar of an unknown god.
  1933 | D:2      | Found Dufebb's Armour Emporium.
  2683 | D:3      | Noticed Terence
  2698 | D:3      | Killed Terence
  2881 | D:3      | Found a runed translucent door.
  2882 | D:3      | Noticed Crazy Yiuf
  3123 | D:3      | Killed Crazy Yiuf
  3124 | D:3      | Reached skill level 1 in Armour
  3124 | D:3      | Gained mutation: You have hoof-like feet. [demonic
                  | ancestry]
  3124 | D:3      | Reached XP level 6. HP: 48/48 MP: 6/6
  3425 | D:4      | Reached XP level 7. HP: 54/54 MP: 7/7
  3494 | D:4      | Reached skill level 7 in Stealth
  3573 | D:4      | Found a shimmering blue altar of Sif Muna.
  3966 | D:5      | Found Luserch's Weapon Shop.
  4077 | D:5      | Found Saadadoh's Assorted Antiques.
  4257 | D:5      | Noticed Grinder
  4394 | D:6      | Identified the +3 trident of Law {freeze, Fly rElec rN++
                  | Str-3}
  4668 | D:6      | Gained mutation: You have a somewhat thin skeletal
                  | structure. (Dex +2, Stealth+) [demonic ancestry]
  4668 | D:6      | Reached XP level 8. HP: 31/60 MP: 8/8
  5147 | D:6      | Reached skill level 8 in Stealth
  5255 | D:6      | Found a bloodstained altar of Trog.
  5260 | D:6      | Noticed a wizard
  5265 | D:6      | Killed a wizard
  5357 | D:6      | Learned a level 2 spell: Blink
  5583 | D:7      | HP: 3/61 [poisoned by a water moccasin]
  5583 | D:7      | Killed from afar by a steam dragon

Illustrated notes

Levels and vault maps discovered:
D:1:      amcnicky_arrival_choice, layout_basic,
          shapermc_ecumenical_altar_mp_urbaneastern
D:2:      layout_rooms, serial_shops, shop
D:3:      layout_basic, uniq_crazy_yiuf_cottage, uniq_terence
D:4:      layout_loops_corners, lemuel_blue_sif_altar, gammafunk_ghost_grave,
          grunt_decor_clamped
D:5:      layout_cave_pods, serial_shops, nicolae_stop_n_shop_2,
          nicolae_diamond_shop, nicolae_shop_stone, nicolae_shop_behind_doors,
          uniq_grinder, uniq_ijyb, uniq_sigmund
D:6:      layout_basic, trog_wizard
D:7:      layout_basic, minmay_temple_entry_waves, serial_shops,
          nicolae_shop_competitors_out_of_business, worms_lemuel, uniq_joseph

Skill      XL: |  1  2  3  4  5  6  7  8 |
---------------+-------------------------+-----
Stealth        | 5 6 7 8 |  8.4
Short Blades   | 2 3 4 |  4.3
Armour         | 1 2 3 |  3.4
Dodging        | 2 |  2.8
Fighting       | 4 |  4.3
Axes           | |  0.8
Translocations | |  0.1

Action                   |  1- 3 |  4- 6 |  7- 9 || total
-------------------------+-------+-------+-------++-------
Melee: Short sword       |     8 |       |       ||     8
       War axe           |     2 |       |    15 ||    17
       Dagger            |    32 |   166 |    72 ||   270
       Kick              |    13 |    47 |    28 ||    88
       Punch             |     1 |     1 |     1 ||     3
  Use: Scroll            |     1 |       |       ||     1
       Potion            |       |     6 |     1 ||     7
 Stab: Sleeping          |     1 |    20 |     8 ||    29
Armor: Leather armour    |     8 |    19 |    28 ||    55
Dodge: Dodged            |    26 |    72 |    56 ||   154
